 Dungeon Crawl Stone Soup version 0.18-a0-5-gf1fb587 (webtiles) character file.

3266 Raultor the Markscentaur (level 9, -1/74 HPs)
             Began as a Centaur Hunter on Oct 31, 2015.
             Was an Elder of Okawaru.
             Slain by a killer bee (7 damage)
             ... on level 7 of the Dungeon.
             The game lasted 00:26:11 (6358 turns).

Raultor the Markscentaur (Centaur Hunter)           Turns: 6358, Time: 00:26:11

Health: -1/74      AC: 15    Str: 18    XL:     9   Next: 68%
Magic:  0/0        EV:  9    Int: 10    God:    Okawaru [****..]
Gold:   382        SH:  0    Dex: 16    Spells: 0 memorised, 8 levels left

rFire  . . .     SeeInvis .     a - +1 shortbow
rCold  . . .     Clarity  .     E - +3 leather armour "Molideub" {+Fly rPois MP-9}
rNeg   . . .     SustAt   .     (no shield)
rPois  +         Gourm    .     y - +0 helmet
rElec  .         Spirit   .     C - +1 cloak {rPois}
rCorr  .         Warding  .     (no gloves)
rMut   +         Stasis   .     v - +0 centaur barding
MR     .....                    f - amulet of resist mutation
Stlth  +.........               B - +6 ring of dexterity
                                t - ring of poison resistance

@: very quick, not resistant to hostile enchantments, very unstealthy
A: hooves 3, deformed body, speed 2, tough skin 3
a: Heroism, Renounce Religion, Evoke Flight


You were on level 7 of the Dungeon.
You worshipped Okawaru.
Okawaru was greatly pleased with you.
You were not hungry.

You visited 2 branches of the dungeon, and saw 8 of its levels.

You collected 382 gold pieces.

Inventory:

Hand Weapons
 a - a +1 shortbow (weapon)
 b - a +4 quarterstaff of chaos
 c - a +0 short sword
 H - a +0 halberd
 O - a +2 war axe of electrocution
Missiles
 m - 32 arrows (quivered)
 L - 16 arrows of frost
 R - 19 arrows of dispersal
 S - 15 poisoned arrows
Armour
 d - a +0 leather armour
 v - a +0 centaur barding (worn)
 y - a +0 helmet (worn)
 C - a +1 cloak of poison resistance (worn)
 E - the +3 leather armour "Molideub" (worn) {+Fly rPois MP-9}
   (You found it on level 4 of the Dungeon)

   It protects you from poison.
   It affects your magic capacity (-9).
   It lets you fly.
 G - a +2 shield
 P - a +1 robe of resistance
Jewellery
 f - an amulet of resist mutation (around neck)
 t - a ring of poison resistance (left hand)
 B - a +6 ring of dexterity (right hand)
 V - an uncursed ring of sustain attributes {unknown}
Scrolls
 j - 2 scrolls of recharging {unknown}
 n - a scroll of teleportation
 p - 3 scrolls of enchant weapon
 q - 3 scrolls of amnesia
 r - 5 scrolls of identify
 D - 4 scrolls of remove curse {unknown}
 F - a scroll of enchant armour {unknown}
 J - 3 scrolls of summoning {unknown}
 K - a scroll of fear {unknown}
 N - a scroll of brand weapon {unknown}
 Q - a scroll of noise {unknown}
Potions
 g - a potion of flight {unknown}
 h - 2 potions of agility {unknown}
 i - a potion of lignification {unknown}
 l - 2 potions of might {unknown}
 o - 2 potions of heal wounds {unknown}
 s - 2 potions of curing {unknown}
 u - a potion of brilliance {unknown}
 w - a potion of beneficial mutation {unknown}
 A - 2 potions of cure mutation {unknown}
 M - a potion of poison {unknown}
 W - a potion of berserk rage {unknown}
Comestibles
 e - 12 bread rations
 k - 8 meat rations
 x - 2 royal jellies
 z - a slice of pizza
 I - 5 chunks of flesh
 T - 2 beef jerkies
 U - 3 fruits


   Skills:
 + Level 5.3 Fighting
 + Level 15.0 Bows
 - Level 1.6 Armour
 + Level 3.7 Dodging
 - Level 0.5 Stealth


You had 8 spell levels left.
You didn't know any spells.

Dungeon Overview and Level Annotations

Branches:
Dungeon (7/15)             Temple (1/1) D:5

Altars:
Ashenzari
Cheibriados
Dithmenos
Elyvilon
Fedhas
Gozag
Makhleb
Nemelex Xobeh
Okawaru
Qazlal
Ru
Sif Muna
Vehumet
Xom
Yredelemnul
Zin
The Shining One

Shops:
D:4 *


Innate Abilities, Weirdness & Mutations

You have hooves in place of feet.
Armour fits poorly on your strangely shaped body.
You cover ground very quickly.
You have extremely tough skin (AC +3).


Message History

The killer bee stings you.
* * * LOW HITPOINT WARNING * * *
You feel sick.
The killer bee stings you but does no damage.
The killer bee stings you.
* * * LOW HITPOINT WARNING * * *
The killer bee stings you.
* * * LOW HITPOINT WARNING * * *
You feel sick.
The killer bee stings you but does no damage. x2
The killer bee stings you but does no damage.
The killer bee stings you but does no damage.
You feel sick.
You are no longer poisoned.
The killer bee stings you but does no damage.
The killer bee stings you but does no damage.
The killer bee closely misses you.
The killer bee stings you but does no damage.
The killer bee stings you!
You die...

..######## ######.........##+###.
..#......###....#................
..#........#....#................
###........#....##########.......
...........#.............'.......
..........########.......#.......
.###########....##.......#######.
.##.......##....#........#.....#.
..............yy@........'.....#.
+##............y#........#.....#.
#.............#........#.....+.
##########....##...##..###+###.
#......###+#####...##..###.....
#..........................#.#.
#..............................
.+..........................#.#.
................................


You could see 3 killer bees.

Vanquished Creatures
  Pikel (D:6)
  A hill giant (D:5)
  Eustachio (D:6)
  The ghost of radek the Conjurer, an amateur DECj of Vehumet (D:5)
  An ice beast (D:7)
  Purgy (D:3)
  A black bear (D:4)
  3 ogres
  A phantom (D:6)
  A slave (D:6)
  A giant frog (D:6)
  A big kobold (D:5)
  Blork the orc (D:6)
  A wyvern zombie (D:6)
  A gnoll sergeant (D:5)
  3 scorpions
  2 killer bees (D:7)
  A giant frog zombie (D:4)
  A centaur zombie (D:5)
  3 crimson imps
  3 orc priests
  A centaur skeleton (D:6)
  Crazy Yiuf (D:3)
  A giant frog skeleton (D:5)
  2 hounds
  Jessica (D:3)
  4 orc wizards
  5 worker ants
  A hound skeleton (D:4)
  4 gnolls (D:5)
  11 adders
  5 worms
  15 orcs
  2 ball pythons
  7 giant cockroaches
  2 hobgoblins (D:1)
  5 jackals
  10 kobolds
  8 bats
  6 giant geckos
  6 giant newts
  7 goblins
  11 rats
145 creatures vanquished.

Notes
Turn   | Place    | Note
--------------------------------------------------------------
     0 | D:1      | Raultor the Centaur Hunter began the quest for the Orb.
     0 | D:1      | Reached XP level 1. HP: 17/17 MP: 1/1
   541 | D:1      | Reached XP level 2. HP: 22/24 MP: 2/2
   626 | D:1      | Reached skill level 6 in Bows
   991 | D:2      | Reached XP level 3. HP: 29/29 MP: 3/3
  1079 | D:2      | Found a blossoming altar of Fedhas.
  1291 | D:2      | Found a stormy altar of Qazlal.
  1514 | D:2      | Reached skill level 7 in Bows
  2083 | D:2      | Reached XP level 4. HP: 31/36 MP: 4/4
  2105 | D:3      | Noticed Jessica
  2112 | D:3      | Killed Jessica
  2287 | D:3      | Noticed Purgy
  2337 | D:3      | Killed Purgy
  2337 | D:3      | Reached skill level 8 in Bows
  2337 | D:3      | Reached skill level 1 in Armour
  2337 | D:3      | Reached XP level 5. HP: 25/41 MP: 5/5
  2476 | D:3      | Found a shattered altar of Ashenzari.
  2519 | D:3      | Noticed Crazy Yiuf
  2525 | D:3      | Killed Crazy Yiuf
  2525 | D:3      | Reached skill level 9 in Bows
  2689 | D:3      | Found a shimmering altar of Xom.
  2690 | D:3      | Found a glowing golden altar of the Shining One.
  2692 | D:3      | Found a burning altar of Makhleb.
  2692 | D:3      | Found an iron altar of Okawaru.
  2708 | D:3      | Became a worshipper of Warmaster Okawaru
  2857 | D:4      | Reached XP level 6. HP: 36/48 MP: 6/6
  2910 | D:4      | Got a spiked leather armour
  2921 | D:4      | Identified the +3 leather armour "Molideub" {+Fly rPois MP-9} (You found it on level 4 of the Dungeon)
  2946 | D:4      | Found Beves's Assorted Antiques.
  3383 | D:4      | Noticed a black bear
  3408 | D:4      | Killed a black bear
  3408 | D:4      | Reached * piety under Okawaru
  3408 | D:4      | Reached skill level 10 in Bows
  3466 | D:4      | Found an opulent altar of Gozag.
  3466 | D:4      | Found a sparkling altar of Nemelex Xobeh.
  3487 | D:4      | Reached XP level 7. HP: 45/55 MP: 0/7
  3578 | D:5      | Entered Level 5 of the Dungeon
  3578 | D:5      | Noticed radek's ghost (amateur DECj)
  3698 | D:5      | Killed radek's ghost
  3698 | D:5      | Reached skill level 11 in Bows
  3769 | D:5      | Reached ** piety under Okawaru
  3769 | D:5      | Reached skill level 12 in Bows
  3820 | D:5      | Reached XP level 8. HP: 56/61 MP: 0/8
  3881 | D:5      | Noticed a hill giant
  3930 | D:5      | Killed a hill giant
  3930 | D:5      | Reached skill level 13 in Bows
  4181 | D:5      | Reached skill level 14 in Bows
  4206 | D:5      | Found a staircase to the Ecumenical Temple.
  4352 | Temple   | Entered the Ecumenical Temple
  4545 | D:6      | Noticed Blork the orc
  4550 | D:6      | Reached *** piety under Okawaru
  4558 | D:6      | HP: 2/63 [Blork the orc/puff of frost (6)]
  4965 | D:6      | Noticed Pikel
  4986 | D:6      | Killed Pikel
  4986 | D:6      | Reached XP level 9. HP: 59/71 MP: 0/9
  5199 | D:6      | Received a gift from Okawaru
  5289 | D:6      | Noticed Eustachio
  5317 | D:6      | Killed Eustachio
  5461 | D:6      | Killed Blork the orc
  5934 | D:7      | Reached skill level 5 in Fighting
  5999 | D:7      | Found a snail-covered altar of Cheibriados.
  6120 | D:7      | Reached **** piety under Okawaru
  6120 | D:7      | Reached skill level 15 in Bows
  6358 | D:7      | Slain by a killer bee

Vault maps used:
D:1:      dpeg_arrival_ratfight
D:2:      grunt_temple_overflow_forces_of_nature, first_bread,
          minmay_misc_feat_diagonals
D:3:      grunt_temple_overflow_open, ashenzari_conservatory_becter,
          uniq_crazy_yiuf_cottage, uniq_purgy, uniq_jessica
D:4:      black_bear_nest_1, grunt_temple_overflow_opulence,
          nicolae_overflow_hidden_temple, serial_shops, nicolae_shop_waterfront,
          supply_closet_lemuel
D:5:      minmay_temple_entry_statues
D:6:      portal_sewer_entry_f, hangedman_glass_teeth, st_stairs_3,
          uniq_eustachio, uniq_blork_the_orc, uniq_pikel
D:7:      cheibriados_altar_1, serial_glass, glass_columns_a, glass_columns_c
Temple:   nicolae_temple_great_sept

Action                   |  1- 3 |  4- 6 |  7- 9 || total
-------------------------+-------+-------+-------++-------
Melee: Mace              |       |    31 |       ||    31
 Fire: Shortbow          |   127 |   140 |   391 ||   658
  Use: Scroll            |       |     6 |       ||     6
  Eat: Chunk             |     1 |     3 |     5 ||     9
       Pizza             |     1 |       |       ||     1
       Beef jerky        |       |       |     1 ||     1
